 Dungeon Crawl Stone Soup version 0.24.1 (webtiles) character file.

Game seed: 1763319317928689962, levelgen mode: deterministic

44676 ilmol the Fighter (level 14, 0/150 HPs)
             Began as an Ogre Fire Elementalist on Mar 30, 2020.
             Was a High Priest of Okawaru.
             Slain by a manticore (13 damage)
             ... on level 14 of the Dungeon.
             The game lasted 01:39:51 (25720 turns).

ilmol the Fighter (Ogre Fire Elementalist)         Turns: 25720, Time: 01:39:52

Health: 0/150      AC: 14    Str: 22    XL:     14   Next: 29%
Magic:  24/26      EV:  7    Int: 17    God:    Okawaru [*****.]
Gold:   147        SH: 10    Dex:  2    Spells: 14/29 levels left

rFire    + . .     SeeInvis +   a - +7 falchion of Eternity {elec, rN++ Str+4 Dex-5}
rCold    . . .     Gourm    .   q - +0 shield
rNeg     + + +     Faith    .   O - +0 pearl dragon scales
rPois    .         Spirit   .   S - +2 hat {SInv}
rElec    .         Reflect  .   (no cloak)
rCorr    .         Harm     .   (gloves unavailable)
MR       +....     Clarity  +   (boots unavailable)
Stlth    ..........             w - amulet of rage
HPRegen  0.35/turn              T - ring of wizardry
MPRegen  0.20/turn              p - ring of protection from fire

@: studying Fighting
A: large, unfitting armour, clarity, clumsy 1, screaming 1, tough skin 1
a: Heroism, Finesse, Renounce Religion, Evoke Berserk Rage


You were on level 14 of the Dungeon.
You worshipped Okawaru.
Okawaru was extremely pleased with you.
You were not hungry.

You visited 3 branches of the dungeon, and saw 18 of its levels.

You collected 1471 gold pieces.
You spent 1324 gold pieces at shops.

Inventory:

Hand Weapons
 a - the +7 falchion of Eternity (weapon) {elec, rN++ Str+4 Dex-5}
   (You found it on level 7 of the Dungeon)

   Occasionally, upon striking a foe, it will discharge some electrical energy
   and cause terrible harm.
   It affects your strength (+4).
   It affects your dexterity (-5).
   It greatly protects you from negative energy.
 b - the +9 staff of Olgreb {rPois}
   (You found it on level 5 of the Dungeon)

   It protects you from poison.
 e - a +4 dagger of venom
 i - the +5 hand crossbow "Hydrabane" {venom, rF+}
   (Okawaru gifted it to you on level 1 of the Orcish Mines)

   It poisons the ammo it fires.
   It protects you from fire.
 n - a +0 scimitar of flaming
Missiles
 m - 19 large rocks
 o - 66 poisoned darts
 y - 4 curare-tipped darts
 z - 6 javelins
 Y - 9 boomerangs (quivered)
Armour
 q - a +0 shield (worn)
 O - +0 pearl dragon scales (worn)
 S - a +2 hat of see invisible (worn)
Jewellery
 p - a ring of protection from fire (right hand)
 w - an amulet of rage (around neck)
 T - a ring of wizardry (left hand)
 U - an uncursed ring of fire
Wands
 r - a wand of flame (61)
 H - a wand of polymorph (43)
 L - a wand of clouds (5)
 V - a wand of disintegration (13)
 Z - a wand of digging (13)
Scrolls
 d - a scroll of summoning {unknown}
 u - 7 scrolls of teleportation
 v - a scroll of immolation
 x - 2 scrolls of amnesia
 B - 2 scrolls of remove curse
 C - 3 scrolls of enchant armour
 Q - 5 scrolls of identify
 X - a scroll of enchant weapon
Potions
 g - 3 potions of agility
 h - 2 potions of flight
 k - 3 potions of haste
 l - 2 potions of magic
 A - 3 potions of resistance
 E - 2 potions of lignification
 F - 4 potions of brilliance
 K - 2 potions of cancellation
 N - a potion of might
 R - a potion of berserk rage
Books
 f - a manual of Fighting
Miscellaneous
 P - a phial of floods
Comestibles
 c - 19 rations
 j - 4 chunks of flesh


   Skills:
 * Level 12.8 Fighting
 - Level 1.9(5.3) Short Blades
 * Level 7.9(8.1) Long Blades
 - Level 6.0 Throwing
 * Level 4.3 Armour
 - Level 1.7 Dodging
 - Level 1.4 Stealth
 - Level 9.0 Shields
 - Level 8.3 Spellcasting
 * Level 9.3 Conjurations
 - Level 1.2 Transmutations
 * Level 9.5 Fire Magic
 - Level 1.0 Earth Magic
 - Level 4.2 Invocations
 - Level 3.2 Evocations


You had 14 spell levels left.
You knew the following spells:

 Your Spells              Type           Power        Failure   Level  Hunger
a - Flame Tongue          Conj/Fire      #####        1%          1    None
b - Conjure Flame         Conj/Fire      #####...     1%          3    #......
c - Sticky Flame          Conj/Fire      #####...     2%          4    ###....
d - Fireball              Conj/Fire      #####.....   8%          5    #####..
e - Passwall              Tmut/Erth      ##......     12%         2    None

Your spell library contained the following spells:

 Spells                   Type           Power        Failure   Level  Hunger
 Throw Flame              Conj/Fire      #####.       1%          2    None
 Stone Arrow              Conj/Erth      ###...       4%          3    #......
 Inner Flame              Hex/Fire       ###.....     5%          3    #......
 Dazzling Spray           Conj/Hex       ###...       6%          3    #......
 Sandblast                Erth           ##....       9%          1    None
 Animate Skeleton         Necr           N/A          12%         1    None
 Apportation              Tloc           #.....       12%         1    None
 Confusing Touch          Hex            #.....       12%         1    None
 Corona                   Hex            #......      12%         1    None
 Summon Small Mammal      Summ           #...         12%         1    None
 Ensorcelled Hibernation  Hex/Ice        #.....       19%         2    None
 Confuse                  Hex            #.......     34%         3    #......
 Tukima's Dance           Hex            #.......     34%         3    #......
 Petrify                  Tmut/Erth      ##......     58%         4    ###....
 Lee's Rapid Deconstruct  Erth           ##........   89%         5    #####..


Dungeon Overview and Level Annotations

Branches:
Dungeon (15/15)            Temple (1/1) D:6            Lair (0/6) D:10
    Orc (2/2) D:11            Elf (0/3) Orc:2        Depths (0/5) D:15
 Vaults: D:13-14

Altars:
Ashenzari
Cheibriados
Dithmenos
Elyvilon
Fedhas
Gozag
Hepliaklqana
Kikubaaqudgha
Makhleb
Nemelex Xobeh
Okawaru
Qazlal
Ru
Sif Muna
Trog
Uskayaw
Vehumet
Wu Jian
Xom
Yredelemnul
Zin
The Shining One
Beogh

Shops:
D:4 %   D:9 :   D:14 *   Orc:1 (   Orc:2 **=}

Annotations:
D:2 exclusion: 2 downstairs
D:5 2 transporters, 1 runed translucent door, exclusion: wraith, Hyawatha's ghost, novice OpAs
D:9 exclusion: downstairs
D:15 1 exclusion
Orc:1 exclusion: downstairs


Innate Abilities, Weirdness & Mutations

You are too large for most types of armour.
You have tough skin. (AC +1)
You possess an exceptional clarity of mind.
You are clumsy. (Dex -2)
You occasionally shout uncontrollably at your foes.


Message History

* * * LOW HITPOINT WARNING * * *
The sphinx hits you but does no damage. x2
The sphinx hits you!
* * * LOW HITPOINT WARNING * * *
The sphinx hits you but does no damage. The sphinx hits you!
* * * LOW HITPOINT WARNING * * *
The sphinx hits you!
* * * LOW HITPOINT WARNING * * *
The sphinx hits you but does no damage. The sphinx hits you.
* * * LOW HITPOINT WARNING * * *
You can move again.
Unknown command.
Okay, then.
Okay, then.
As you read the scroll of fear, it crumbles to dust.
You assume a fearsome visage.
The freezing wraith is unaffected.
The sphinx looks frightened!
A manticore comes into view.
You feel better. The manticore bites you!
You die...

#.. #........#
##...#........#
.....#####....#
+#............#....#
.'............#....#####
.#... .........)÷.......
...#######.##.#..#######
...#P...P#..#.##.#
...#.#'#.#.#..##@#
...#.#.#.#..#.#..H.#$'.#
...#.###.#.#...#.#.###.#
...#P...P#.##..#.#.H...#
...###'###.#.#.#.#
#####..#
.......†...#####.. ..
...# ##..##.###...# :##
.# #..# ..........#..# :
.#.# #..#
....###.##.#.#####..##
#..#####


You could see a sphinx (fleeing) and a manticore.

Vanquished Creatures
  A stone giant (D:14)
  5 two-headed ogres
  3 centaur warriors
  7 orc high priests (Orc:2)
  Urug (D:10)
  4 skeletal warriors
  5 unseen horrors
  A fire crab (D:14)
  A necromancer (D:15)
  2 orc knights (Orc:2)
  A phantasmal warrior (D:11)
  A fire giant zombie (D:15)
  An orc sorcerer (Orc:2)
  3 cyclopes
  2 deep elf magi
  3 manticores
  A frost giant skeleton (D:15)
  A gargoyle (D:15)
  An efreet (D:15)
  A kobold demonologist (D:15)
  2 freezing wraiths (D:14)
  11 trolls
  Grinder (D:3)
  A spriggan zombie (D:15)
  8 hippogriffs
  A centaur simulacrum (D:14)
  3 wyverns
  A redback (D:14)
  A shadow (D:12)
  15 yaks
  3 water elementals (D:15)
  2 wraiths
  2 hungry ghosts (D:10)
  4 vampire mosquitoes
  A basilisk (D:13)
  8 wargs
  Duvessa (D:7)
  5 water moccasins
  5 soldier ants
  2 sky beasts
  An ice beast (D:15)
  18 orc warriors
  A phantom (D:4)
  A black bear (D:9)
  A necrophage (D:7)
  An eye of draining (D:12)
  13 ogres
  4 centaurs
  2 big kobolds
  10 bullfrogs
  Dowan (D:7)
  3 scorpions
  19 killer bees
  A howler monkey (D:6)
  3 wights (D:12)
  2 electric eels (D:15)
  6 crimson imps
  A lava snake (D:9)
  8 hounds
  6 jellies
  39 orc priests
  3 bullfrog skeletons
  2 bullfrog zombies
  5 centaur skeletons
  2 iguanas
  24 orc wizards
  10 worker ants
  2 hound zombies
  2 worker ant zombies
  A howler monkey zombie (D:8)
  4 gnolls
  14 adders
  3 shadow imps
  2 oozes
  An adder zombie (D:7)
  3 worms
  5 leopard geckos
  102 orcs
  9 bats
  3 giant cockroaches
  5 hobgoblins
  15 jackals
  4 quokkas
  8 frilled lizards
  A giant cockroach zombie (D:5)
  A goblin (D:2)
  6 kobolds
  A leopard gecko zombie (D:3)
  A quokka skeleton (D:6)
  A quokka zombie (D:6)
  6 rats
509 creatures vanquished.

Vanquished Creatures (collateral kills)
  A hydra (D:14)
1 creature vanquished.

Vanquished Creatures (others)
  4 plants (D:14)
  2 withered plants (D:15)
6 creatures vanquished.

Grand Total: 516 creatures vanquished

Notes
Turn   | Place    | Note
-------+----------+-------------------------------------------
     0 | D:1      | ilmol the Ogre Fire Elementalist began the quest for the
                  | Orb.
     0 | D:1      | Reached XP level 1. HP: 16/16 MP: 3/3
   642 | D:1      | Reached skill level 1 in Fighting
   642 | D:1      | Reached XP level 2. HP: 21/27 MP: 2/5
   890 | D:2      | Reached XP level 3. HP: 33/33 MP: 2/7
   942 | D:2      | Learned a level 3 spell: Conjure Flame
  1102 | D:2      | Reached skill level 1 in Conjurations
  1671 | D:2      | Reached skill level 2 in Fighting
  1671 | D:2      | Reached XP level 4. HP: 42/42 MP: 0/8
  1975 | D:3      | Learned a level 4 spell: Sticky Flame
  1998 | D:3      | Reached XP level 5. HP: 49/49 MP: 5/10
  2128 | D:3      | Noticed Grinder
  2575 | D:3      | Noticed an ogre
  2583 | D:3      | Killed an ogre
  2583 | D:3      | Reached skill level 1 in Shields
  2583 | D:3      | Reached XP level 6. HP: 13/59 MP: 5/12
  2974 | D:3      | Found a radiant altar of Vehumet.
  3660 | D:3      | Paralysed by Grinder for 2 turns
  3664 | D:3      | Killed Grinder
  3664 | D:3      | Reached skill level 3 in Fighting
  3664 | D:3      | Reached XP level 7. HP: 49/67 MP: 4/14
  3753 | D:3      | Learned a level 5 spell: Fireball
  3845 | D:4      | Found Goeguq's Food Shoppe.
  4120 | D:4      | Reached skill level 5 in Spellcasting
  4264 | D:4      | Reached skill level 1 in Short Blades
  4495 | D:4      | Reached XP level 8. HP: 77/78 MP: 8/15
  4840 | D:5      | Entered Level 5 of the Dungeon
  4888 | D:5      | Noticed a wraith
  5298 | D:4      | Reached skill level 4 in Fighting
  5635 | D:5      | Noticed a hornet
  5642 | D:5      | Found a transporter.
  5824 | D:5      | Noticed Hyawatha's ghost (novice OpAs)
  5848 | D:5      | Found a transporter.
  6040 | D:5      | Found the +9 staff of Olgreb {rPois}
  6049 | D:5      | Found a runed translucent gate.
  6049 | D:5      | Found a runed translucent gate.
  6050 | D:5      | Found a runed translucent door.
  6068 | D:5      | Found a runed translucent gate.
  6227 | D:5      | Found a runed translucent door.
  6447 | D:6      | Found a snail-covered altar of Cheibriados.
  6449 | D:6      | Found an opulent altar of Gozag.
  6478 | D:6      | Reached skill level 1 in Throwing
  7086 | D:6      | Reached skill level 5 in Fire Magic
  7263 | D:6      | Gained mutation: You occasionally shout uncontrollably at
                  | your foes. [potion of mutation]
  7263 | D:6      | Gained mutation: You are clumsy. (Dex -2) [potion of
                  | mutation]
  7263 | D:6      | Gained mutation: You possess an exceptional clarity of
                  | mind. [potion of mutation]
  7333 | D:6      | Reached skill level 5 in Fighting
  7602 | D:6      | Found a staircase to the Ecumenical Temple.
  7612 | Temple   | Entered the Ecumenical Temple
  7756 | Temple   | Became a worshipper of Warmaster Okawaru
  8317 | D:7      | Reached XP level 9. HP: 89/89 MP: 9/17
  8612 | D:7      | Noticed Dowan
  8615 | D:7      | Reached skill level 6 in Fighting
  8615 | D:7      | Reached skill level 5 in Conjurations
  8619 | D:7      | Noticed Duvessa
  8626 | D:7      | Killed Duvessa
  8627 | D:7      | Killed Dowan
  8643 | D:7      | Got a polished falchion
  8644 | D:7      | Identified the +7 falchion of Eternity {elec, rN++ Str+4
                  | Dex-5} (You found it on level 7 of the Dungeon)
  8886 | D:7      | Reached skill level 1 in Long Blades
  9006 | D:7      | Reached skill level 1 in Evocations
  9462 | D:8      | Reached * piety under Okawaru
 10131 | D:8      | Found a hazy altar of Hepliaklqana.
 10307 | D:8      | Reached skill level 7 in Fighting
 10307 | D:8      | Reached skill level 1 in Invocations
 10452 | D:9      | Reached ** piety under Okawaru
 10466 | D:9      | Found Kisuonk's Book Shoppe.
 10553 | D:9      | Reached XP level 10. HP: 88/102 MP: 10/19
 10636 | D:9      | Reached skill level 5 in Shields
 10640 | D:9      | Noticed a two-headed ogre
 10653 | D:9      | Killed a two-headed ogre
 10653 | D:9      | Reached *** piety under Okawaru
 11393 | D:10     | Entered Level 10 of the Dungeon
 11712 | D:9      | Reached skill level 8 in Fighting
 12466 | D:10     | Found a basalt altar of Yredelemnul.
 12526 | D:10     | Found a staircase to the Lair.
 12778 | D:10     | Noticed Urug
 13223 | D:10     | Killed Urug
 13223 | D:10     | Reached **** piety under Okawaru
 13223 | D:10     | Reached XP level 11. HP: 91/113 MP: 14/21
 13992 | D:11     | Killed an unseen horror
 14202 | D:11     | Found a glowing silver altar of Zin.
 14224 | D:11     | Noticed a manticore
 14261 | D:11     | Killed a manticore
 14261 | D:11     | Reached skill level 9 in Fighting
 14332 | D:11     | Noticed a phantasmal warrior
 14349 | D:11     | Killed a phantasmal warrior
 14349 | D:11     | Reached ***** piety under Okawaru
 14545 | D:11     | Noticed a death knight
 14548 | D:11     | Noticed a phantasmal warrior
 14735 | D:11     | Found a staircase to the Orcish Mines.
 14985 | Orc:1    | Entered Level 1 of the Orcish Mines
 14985 | Orc:1    | Found Cusimumell's Weapon Shoppe.
 15460 | Orc:1    | Received a gift from Okawaru
 15543 | Orc:1    | Found a roughly hewn altar of Beogh.
 15731 | Orc:1    | Noticed a two-headed ogre
 15762 | Orc:1    | Killed a two-headed ogre
 16238 | Orc:1    | Got a pitted hand crossbow {god gift}
 16239 | Orc:1    | Identified the +5 hand crossbow "Hydrabane" {venom, rF+}
                  | (Okawaru gifted it to you on level 1 of the Orcish Mines)
 16447 | Orc:2    | Entered Level 2 of the Orcish Mines
 16461 | Orc:2    | Noticed an orc knight
 16674 | Orc:2    | Killed an orc knight
 16797 | Orc:1    | Learned a level 2 spell: Passwall
 17046 | Orc:2    | Reached XP level 12. HP: 124/124 MP: 20/24
 17807 | Orc:2    | HP: 5/124 [orc (5)]
 18553 | Orc:2    | Reached skill level 1 in Earth Magic
 18636 | Orc:2    | Noticed an orc high priest
 18639 | Orc:2    | Killed an orc high priest
 18641 | Orc:2    | Noticed an orc high priest
 18642 | Orc:2    | Noticed an orc high priest
 18946 | D:5      | Reached skill level 1 in Transmutations
 18950 | D:5      | Received a gift from Okawaru
 19015 | D:5      | Got a fine robe {god gift}
 19026 | D:5      | Identified the +1 robe of the Lute {rPois rN+ Dex-3}
                  | (Okawaru gifted it to you on level 5 of the Dungeon)
 19026 | D:5      | Lost dexterity.
 19350 | D:5      | Reached skill level 5 in Long Blades
 19775 | Orc:2    | Killed an orc high priest
 19775 | Orc:2    | Reached skill level 1 in Armour
 19805 | Orc:2    | Killed an orc high priest
 19805 | Orc:2    | Reached skill level 10 in Fighting
 19929 | Orc:2    | Noticed an orc high priest
 19936 | Orc:2    | Noticed a soul eater
 19941 | Orc:2    | Killed an orc high priest
 20177 | Orc:2    | Found Rutt's Jewellery Shop.
 20177 | Orc:2    | Found Lung's Gadget Shoppe.
 20230 | Orc:2    | Found a roughly hewn altar of Beogh.
 20288 | Orc:2    | Paralysed by an orc sorcerer for 5 turns
 20472 | Orc:2    | Noticed an orc high priest
 20472 | Orc:2    | Noticed a two-headed ogre
 20485 | Orc:2    | Killed an orc high priest
 20502 | Orc:2    | Killed a two-headed ogre
 20933 | Orc:2    | Noticed an orc high priest
 20938 | Orc:2    | Noticed an orc high priest
 20945 | Orc:2    | Noticed a soul eater
 20947 | Orc:2    | Killed an orc high priest
 21195 | Orc:2    | Killed an orc high priest
 21242 | Orc:2    | Found Daganiop's General Store.
 21242 | Orc:2    | Found Piepn's General Store.
 21274 | Orc:2    | Found a staircase to the Elven Halls.
 21600 | D:9      | Bought a manual of Fighting for 1324 gold pieces
 21878 | D:12     | Reached XP level 13. HP: 129/135 MP: 22/25
 22227 | D:12     | Received a gift from Okawaru
 22368 | D:12     | You fall into a shaft and drop 3 floors!
 22368 | D:15     | Entered Level 15 of the Dungeon
 22730 | D:15     | Reached skill level 11 in Fighting
 22933 | D:15     | Received a gift from Okawaru
 23278 | D:15     | Found a staircase to the Depths.
 23309 | D:15     | Received a gift from Okawaru
 23410 | D:14     | Reached skill level 5 in Throwing
 23533 | D:14     | You fall into a shaft and drop 1 floor!
 24103 | D:14     | Reached skill level 12 in Fighting
 24437 | D:13     | Reached XP level 14. HP: 149/149 MP: 15/26
 24532 | D:13     | Noticed Sonja
 24535 | D:13     | Noticed Sonja
 24535 | D:13     | Sonja changed into Sonja the wyvern
 24537 | D:13     | Killed Sonja the wyvern
 24823 | D:12     | Received a gift from Okawaru
 25104 | D:14     | Found Korueluc's General Store.
 25248 | D:14     | Got a crystal arbalest
 25351 | D:14     | Noticed a stone giant
 25365 | D:14     | Killed a stone giant
 25700 | D:14     | Noticed a sphinx
 25702 | D:14     | Paralysed by a sphinx for 5 turns
 25711 | D:14     | Paralysed by a sphinx for 7 turns
 25718 | D:14     | HP: 6/150 [sphinx (13)]
 25718 | D:14     | HP: 2/150 [sphinx (4)]
 25720 | D:14     | Slain by a manticore

Levels and vault maps discovered:
D:1:      sevenhm_arrival_forest_fort_large_3, layout_basic,
          grunt_decor_fettered
D:2:      layout_loops_cross, first_ration, dk_vineyard_1
D:3:      layout_rooms, vehumet_crystals, uniq_grinder
D:4:      layout_basic, serial_shops, nicolae_shop_trees
D:5:      layout_basic, gammafunk_ghost_hive,
          minmay_guarded_unrand_staff_of_olgreb
D:6:      layout_basic, grunt_temple_overflow_open, temple_hall
D:7:      layout_loops_ring, uniq_duvessa
D:8:      layout_basic, kennysheep_little_box
D:9:      layout_big_octagon, serial_shops, shop
D:10:     layout_irregular_city, dpeg_oklobed_lair, basic_altar,
          blue_anna_alchemist [blue_anna_fruit_fields, blue_anna_fruit_fields],
          uniq_urug
D:11:     layout_loops_cross, minmay_orc_entry_guard_dogs, basic_altar,
          uniq_maurice
D:12:     layout_loops_ring
D:13:     layout_gridville, grunt_vaults_entry_tiered, serial_co_window_serial,
          co_window_paths_a, co_window_paths_a, co_window_cross_1,
          co_window_paths_b, co_window_paths_a, co_window_paths_c,
          co_window_of_opportunity_c, co_window_paths_c, co_window_broadway_a,
          co_window_broadway_b, co_window_cross_4, co_window_paths_c, uniq_sonja
D:14:     layout_irregular_city, serial_shops, nicolae_shop_behind_doors,
          chequers_arboretum, hangedman_decor_growths, minmay_shattered_shrine
D:15:     gammafunk_depths_entry_grave, layout_basic, minmay_misc_feat_doors,
          minmay_starry_boxes, uniq_kirke, uniq_jorgrun
Temple:   regret_index_temple_mists
Orc:1:    layout_caves, nicolae_volcano_entry_s_turn, serial_shops, shop,
          basic_altar
Orc:2:    st_orc_town, layout_diamond_mine, nicolae_orc_stony_grotto

Skill      XL: |  1  2  3  4  5  6  7  8  9 10 11 12 13 14 |
---------------+-------------------------------------------+-----
Fighting       | 1 2 3 5 7 8 9 10 12 | 12.8
Fire Magic     | 3 4 5 6 7 8 9 |  9.5
Spellcasting   | 3 4 5 6 7 8 |  8.3
Conjurations   | 1 2 3 4 5 6 7 8 9 |  9.3
Shields        | 1 2 3 4 6 7 8 9 |  9.0
Short Blades   | 1 |  1.9
Throwing       | 1 3 5 6 |  6.0
Long Blades    | 2 3 4 5 7 |  7.9
Evocations     | 1 3 |  3.2
Invocations    | 1 3 4 |  4.2
Earth Magic    | 1 |  1.0
Transmutations | 1 |  1.2
Armour         | 3 4 |  4.3
Dodging        | |  1.7
Stealth        | |  1.4

Action                   |  1- 3 |  4- 6 |  7- 9 | 10-12 | 13-15 || total
-------------------------+-------+-------+-------+-------+-------++-------
Melee: Spear             |     1 |       |       |       |       ||     1
       Falchion          |       |    20 |   130 |   473 |   213 ||   836
       Dagger            |       |     4 |    81 |       |       ||    85
       Staff             |       |       |       |    16 |     1 ||    17
 Fire: Hand crossbow     |       |       |       |     1 |       ||     1
Throw: Stone             |       |     3 |       |       |       ||     3
       Dart              |       |       |    57 |   317 |    46 ||   420
       Boomerang         |       |       |       |    33 |   134 ||   167
       Javelin           |       |       |       |     6 |       ||     6
 Cast: Flame Tongue      |    44 |   112 |    97 |   110 |    55 ||   418
       Conjure Flame     |       |     1 |     9 |    33 |    19 ||    62
       Sticky Flame      |       |     1 |     4 |    49 |    20 ||    74
       Fireball          |       |       |       |     2 |    31 ||    33
Invok: Heroism           |       |       |       |     1 |       ||     1
 Abil: Evoke Berserk Rag |       |       |       |     1 |       ||     1
Evoke: Wand              |       |       |    15 |    12 |     5 ||    32
       Phial of floods   |       |       |       |     2 |     1 ||     3
       Staff of Olgreb   |       |       |       |    25 |     2 ||    27
  Use: Scroll            |       |       |    18 |    11 |     3 ||    32
       Potion            |       |       |     1 |     2 |     1 ||     4
 Stab: Sleeping          |       |       |     4 |       |       ||     4
  Eat: Chunk             |     2 |     7 |    15 |    30 |    23 ||    77
       Ration            |       |       |     2 |     5 |       ||     7
Armor: Robe              |     5 |    34 |    47 |    37 |       ||   123
       Troll leather arm |       |       |       |    59 |    32 ||    91
       Pearl dragon scal |       |       |       |       |    26 ||    26
Dodge: Dodged            |    11 |    53 |    89 |   213 |    65 ||   431
Block: Shield            |       |       |    52 |   284 |   111 ||   447
       Rpst.: Falchion   |       |    16 |    14 |    62 |    18 ||   110
